 Dungeon Crawl Stone Soup version 0.29.1-12-g30fa7ad0bf (webtiles) character file.

Game seed: 7226315503758461808

1624 xzight the Grappler (level 8, -2/84 HPs)
             Began as a Troll Berserker on Dec 27, 2022.
             Was a Priest of Trog.
             Slain by an orc
             ... wielding a +0 flail
              (4 damage)
             ... on level 7 of the Dungeon.
             The game lasted 00:12:26 (4136 turns).

xzight the Grappler (Troll Berserker)               Turns: 4136, Time: 00:12:26

Health: -2/84      AC:  5    Str: 28    XL:     8   Next: 65%
Magic:  7/7        EV:  8    Int:  3    God:    Trog [***...]
Gold:   300        SH:  0    Dex:  9    Spells: 7/7 levels left

rFire   . . .      SeeInvis .     - Unarmed
rCold   . . .      Faith    .   l - +0 kite shield
rNeg    . . .      Spirit   .   a - +0 animal skin
rPois   .          Reflect  .   (helmet restricted)
rElec   .          Harm     .   g - +0 cloak
rCorr   .          Rampage  .   (gloves unavailable)
Will    .....                   (boots unavailable)
Stlth   +.........              r - amulet of regeneration
HPRegen 1.84/turn               (no ring)
MPRegen 0.10/turn               (no ring)

@: confused, about to teleport, ambrosia-drunk, on berserk cooldown, slowed,
very slow
A: large, unfitting armour, claws 3, regeneration 1, shaggy fur 1, tough skin 1
a: Renounce Religion, Berserk, Trog's Hand


You were on level 7 of the Dungeon.
You worshipped Trog.
Trog was most pleased with you.
You visited 1 branch of the dungeon, and saw 7 of its levels.

You collected 350 gold pieces.
You spent 50 gold pieces at shops.


Innate Abilities, Weirdness & Mutations

You are too large for most types of armour.
You have claws for hands.
Your natural rate of healing is unusually fast.
You are covered in fur. (AC +1)
You have tough skin. (AC +1)


   Skills:
 + Level 6.6 Fighting
 - Level 2.4 Dodging
 + Level 2.7 Shields
 + Level 8.0 Unarmed Combat


You had 7 spell levels left.
You didn't know any spells.
Your spell library was empty.

Inventory:

Missiles
 u - 3 throwing nets {=f}
Armour
 a - a +0 animal skin (worn)
 g - a +0 cloak (worn)
 h - a scarf of repulsion
 l - a +0 kite shield (worn)
Jewellery
 r - an amulet of regeneration (around neck)
Scrolls
 b - a scroll of amnesia {unknown}
 c - a scroll of vulnerability {unknown}
 d - a scroll of fear {unknown}
 e - 4 scrolls of identify {@r1}
 f - a scroll of enchant armour {unknown}
 j - 2 scrolls of poison {unknown}
 m - a scroll of teleportation {@r2}
 n - 3 scrolls of enchant weapon {unknown}
 o - 2 scrolls of blinking {unknown}
 q - 2 scrolls of magic mapping {unknown}
 t - a scroll of summoning {unknown}
Potions
 i - 2 potions of berserk rage {!q}
 k - a potion of ambrosia
 p - a potion of curing {@q1}
 s - a potion of attraction
 v - a potion of flight {unknown}
 w - a potion of might {unknown}

Dungeon Overview and Level Annotations

Branches:
Dungeon (7/15)
 Temple: D:4-7

Altars:
Ashenzari
Elyvilon
Okawaru

Shops:
D:3 ?   D:4 =

Annotations:
D:2 1 runed translucent door, Crazy Yiuf
D:7 Maggie

▒▒ .. ........ .
▒..#. ........
....#..#####..!... .
#.......>.##....# ..
...##)###....#..#....
#.#.#)...........
#........###.....
..........o#.......
..##.......@o......
.........D)......
....##.............
.... #..........(..
.## #.............
#..#(..........
...#.........## ..
...........


You could see a steam dragon and 2 orcs.


Message History

You closely miss something.
You are engulfed in a cloud of scalding steam.
* * * LOW HITPOINT WARNING * * *
Something hits you but does no damage. You block the orc's attack.
The orc hits you with a +0 dagger.
* * * LOW HITPOINT WARNING * * *
You barely miss something.
You are engulfed in a cloud of scalding steam.
* * * LOW HITPOINT WARNING * * *
Reactivating autopickup.
The orc barely misses you. The orc hits you with a +0 flail.
* * * LOW HITPOINT WARNING * * *
You block the steam dragon's attack. The steam dragon closely misses you.
The orc hits you but does no damage. The orc hits you with a +0 flail.
* * * LOW HITPOINT WARNING * * *
As you read the scroll of teleportation {@r2}, it crumbles to dust.
You feel strangely unstable. You block the orc's attack.
The orc barely misses you.
The steam dragon bites you but does no damage.
The steam dragon claws you.
* * * LOW HITPOINT WARNING * * *
You are confused.
You feel invigorated. The orc hits you but does no damage.
The orc hits you with a +0 flail.
* * * LOW HITPOINT WARNING * * *
The steam dragon breathes steam at you. The ball of steam hits you!!
* * * LOW HITPOINT WARNING * * *
The orc hits you with a +0 flail.
You die...

Skill      XL: |  1  2  3  4  5  6  7  8 |
---------------+-------------------------+-----
Fighting       | 3 4 5 6 |  6.6
Unarmed Combat | 4 5 6 7 8 |  8.0
Shields        | 2 |  2.7
Dodging        | |  2.4

Action                   |  1- 3 |  4- 6 |  7- 9 || total
-------------------------+-------+-------+-------++-------
Melee: Unarmed           |   108 |   114 |   106 ||   328
       Punch             |     4 |     3 |     1 ||     8
Invok: Berserk           |     1 |     1 |     6 ||     8
       Trog's Hand       |       |       |     1 ||     1
  Use: Scroll            |       |     3 |     5 ||     8
       Potion            |       |       |     1 ||     1
Armor: Animal skin       |    33 |    26 |    28 ||    87
Dodge: Dodged            |    59 |    54 |    55 ||   168
Block: Kite shield       |       |       |    31 ||    31

Levels and vault maps discovered:
D:1:      evilmike_arrival_rings, layout_basic,
          hellmonk_ecumenical_altar_pennies_from_heaven, minmay_pentomino_u2
D:2:      layout_loops_ring, uniq_crazy_yiuf_cottage
D:3:      layout_loops_cross, portal_sewer_entry_d, serial_shops, shop_statue,
          minmay_quadrilaterals
D:4:      layout_loops_ring, nicolae_ashenzari_panopticon,
          mainiacjoe_overflow_cross_hatched, serial_shops, shop
D:5:      layout_basic, uniq_prince_ribbit1
D:6:      layout_cave_pools, okawaru_gym_becter
D:7:      layout_cave_pools, minmay_temple_entry_waves, serial_shops,
          nicolae_shop_stone, gammafunk_ghost_necromancy,
          minmay_misc_feat_pillars, grunt_ministairs_1, uniq_maggie

Notes
Turn   | Place    | Note
-------+----------+-------------------------------------------
     0 | D:1      | xzight the Troll Berserker began the quest for the Orb.
     0 | D:1      | Reached XP level 1. HP: 22/22 MP: 0/0
    81 | D:1      | Found a faded altar of an unknown god.
   150 | D:1      | Reached XP level 2. HP: 27/29 MP: 1/1
   484 | D:1      | Reached skill level 3 in Fighting
   646 | D:1      | Reached XP level 3. HP: 37/37 MP: 2/2
   885 | D:2      | Reached ** piety under Trog
  1277 | D:2      | Reached skill level 4 in Unarmed Combat
  1433 | D:2      | Found a runed translucent door.
  1434 | D:2      | Noticed Crazy Yiuf
  1610 | D:3      | Reached XP level 4. HP: 44/45 MP: 1/3
  1702 | D:3      | Found Muloe's Magic Scroll Boutique.
  1732 | D:3      | Bought a scroll of teleportation for 30 gold pieces
  1732 | D:3      | Bought a scroll of identify for 20 gold pieces
  1847 | D:3      | You fall into a shaft and drop 1 floor!
  1990 | D:4      | Found a white marble altar of Elyvilon.
  2027 | D:4      | Found a broken altar of Ashenzari.
  2047 | D:4      | Reached XP level 5. HP: 54/54 MP: 4/4
  2133 | D:4      | Found Satergh's Jewellery Boutique.
  2149 | D:4      | Reached skill level 4 in Fighting
  2181 | D:4      | Reached skill level 5 in Unarmed Combat
  2679 | D:5      | Entered Level 5 of the Dungeon
  2688 | D:5      | Noticed Prince Ribbit
  2704 | D:5      | HP: 5/81 [Prince Ribbit (14)]
  2705 | D:5      | Killed Prince Ribbit
  2706 | D:5      | Reached XP level 6. HP: 7/63 MP: 5/5
  2808 | D:5      | Reached skill level 5 in Fighting
  2808 | D:5      | Reached skill level 6 in Unarmed Combat
  2808 | D:5      | Reached XP level 7. HP: 72/72 MP: 6/6
  2983 | D:5      | Reached *** piety under Trog
  3360 | D:6      | Reached skill level 7 in Unarmed Combat
  3536 | D:6      | Reached skill level 6 in Fighting
  3537 | D:6      | Reached XP level 8. HP: 83/83 MP: 7/7
  3677 | D:6      | Reached skill level 1 in Shields
  3923 | D:6      | Found an iron altar of Okawaru.
  4094 | D:7      | Noticed Maggie
  4119 | D:7      | Reached skill level 2 in Shields
  4129 | D:7      | Reached skill level 8 in Unarmed Combat
  4136 | D:7      | HP: 2/84 [steam dragon/ball of steam (19)]
  4136 | D:7      | Slain by an orc

Vanquished Creatures
  Prince Ribbit (D:5)
  2 water moccasins
  An orc warrior (D:7)
  An ice beast (D:6)
  A black bear (D:6)
  An ogre (D:6)
  A gnoll sergeant (D:6)
  A bullfrog (D:7)
  2 scorpions (D:5)
  2 howler monkeys (D:5)
  A hound (D:4)
  An orc priest (D:6)
  A jelly (D:6)
  2 gnoll boudas (D:6)
  4 iguanas
  An orc wizard (D:5)
  14 gnolls
  2 adders
  A shadow imp (D:6)
  2 ufetubi
  A worm (D:4)
  A dart slug (D:1)
  18 orcs
  8 ball pythons
  6 endoplasms
  3 giant cockroaches
  5 goblins
  10 hobgoblins
  2 jackals (D:4)
  7 kobolds
  5 quokkas
  6 bats
  2 frilled lizards (D:3)
  5 rats
121 creatures vanquished.

Vanquished Creatures (others)
  An orc wizard (D:7)
1 creature vanquished.

Grand Total: 122 creatures vanquished

Table legend: (Time is in decaauts)
 A = Elapsed time spent in this place.
 B = Non-inter-level travel time spent in this place.
 C = Inter-level travel time spent in this place.
 D = Time resting spent in this place.
 E = Time spent auto-exploring this place.
 F = Levels seen in this place.
 G = Mean time per level.
                   A        B        C        D        E       F      G
               +--------+--------+--------+--------+--------+-----+--------+
         Total |   4180 |   4002 |    178 |    210 |   2881 |   7 |  597.1 |
       Dungeon |   4180 |   4002 |    178 |    210 |   2881 |   7 |  597.1 |
               +--------+--------+--------+--------+--------+-----+--------+

Top non-repeatable levels by time:
     D:2: 893 daAuts
     D:4: 865 daAuts
     D:6: 805 daAuts
     D:1: 703 daAuts
     D:5: 613 daAuts
     D:3: 251 daAuts
     D:7: 46 daAuts

Table legend:
 A = Non-vault XP
 B = Vault XP
 C = Vault XP percentage of total XP
 D = Non-vault monster count
 E = Vault monster count
 F = Vault count percentage of total count
                 A         B        C        D         E       F
            +---------+---------+-------+---------+---------+-------
      Total |    2052 |     269 |  11.6 |     115 |       6 |   5.0
            +---------+---------+-------+---------+---------+-------
        D:1 |      39 |       4 |   9.3 |      21 |       2 |   8.7
        D:2 |      40 |       0 |   0.0 |      18 |       0 |   0.0
        D:3 |      48 |       6 |  11.1 |       8 |       3 |  27.3
        D:4 |     201 |       0 |   0.0 |      22 |       0 |   0.0
        D:5 |     382 |     259 |  40.4 |      16 |       1 |   5.9
        D:6 |     966 |       0 |   0.0 |      26 |       0 |   0.0
        D:7 |     376 |       0 |   0.0 |       4 |       0 |   0.0
            +---------+---------+-------+---------+---------+-------
